 Dungeon Crawl Stone Soup version 0.23.0 (webtiles) character file.

Game seed: 6161579419470904041

72 KoJIDuN the Skirmisher (level 4, -1/40 HPs)
             Began as a Draconian Fighter on Feb 16, 2019.
             Slain by Sigmund
             ... wielding a +2 scythe of slicing
              (12 damage)
             ... on level 2 of the Dungeon.
             The game lasted 00:06:47 (1572 turns).

KoJIDuN the Skirmisher (Draconian Fighter)          Turns: 1572, Time: 00:06:48

Health: -1/40      AC:  5    Str: 20    XL:     4   Next: 6%
Magic:  4/4        EV: 10    Int:  8    God:
Gold:   30         SH:  9    Dex: 10    Spells: 3/3 levels left

rFire    + . .     SeeInvis .   (no weapon)
rCold    + . .     Gourm    .   b - +0 shield
rNeg     . . .     Faith    .   (armour unavailable)
rPois    +         Spirit   .   (helmet restricted)
rElec    +         Reflect  .   (no cloak)
rCorr    +         Harm     .   (no gloves)
MR       .....                  (no boots)
Stlth    +.........             (no amulet)
HPRegen  0.13/turn              (no ring)
MPRegen  0.09/turn              (no ring)

@: resistant, very slightly contaminated
A: unfitting armour, cold-blooded, AC +5
a: no special abilities


You were on level 2 of the Dungeon.
You were not hungry.

You visited 1 branch of the dungeon, and saw 2 of its levels.

You collected 30 gold pieces.

Inventory:

Hand Weapons
 a - a +0 long sword
Armour
 b - a +0 shield (worn)
 c - a +0 chain mail of cold resistance
 f - a +0 buckler
Scrolls
 g - 4 scrolls of teleportation {unknown}
 i - 2 scrolls of identify {unknown}
 l - a scroll of blinking {unknown}
Comestibles
 d - 5 rations


   Skills:
 + Level 3.9 Fighting
 + Level 2.5 Long Blades
 + Level 3.2 Dodging
 + Level 0.3 Stealth
 + Level 3.6 Shields


You had 3 spell levels left.
You didn't know any spells.
Your spell library was empty.

Dungeon Overview and Level Annotations

Branches:
Dungeon (2/15)

Altars:

Annotations:
D:2 Sigmund


Innate Abilities, Weirdness & Mutations

Your plain brown scales are hard. (AC +5)
You cannot fit into any form of body armour.
You are cold-blooded and may be slowed by cold attacks.


Message History

Your resistance to elements expires.
You flicker back into view.
Something tries to affect you, but you resist.
You are confused.
You're too confused to move!
You bump into the rock wall.
You bump into the rock wall.
You feel less confused.
You see here a scroll labeled UMUAZU QUFA.
Something hits you.
* * * LOW HITPOINT WARNING * * *
x2
g - 4 scrolls labeled UMUAZU QUFA (gained 1) Sigmund appears from thin air!
Reactivating autopickup.
Unknown command.
You block Sigmund's attack.
You feel protected.
Sigmund screams, "Only death can liberate you!"
Sigmund hits you with a +2 scythe of slicing!
You die...

##..... ..............+
##...#######.#######....# #.
##...#.......#..........# #.
.....#.......#.#####....####.##
..............................#
#..#.#.......#.......#+#####..###
#..#.#.......#.######............
...#.#######w########............
#..#.# #...@@...'...........#
...#.# ##########...........#
####.# ###.......#.#... ..#
...........#.#...
#.###.#####.#.#...
#.#............. #.#######.##.#..
#......).....#.. ######
#.#.############..


You could see Sigmund and a dart slug.

Vanquished Creatures
  Terence (D:2)
  An ooze (D:1)
  A worm (D:2)
  2 dart slugs (D:1)
  2 leopard geckos (D:1)
  3 giant cockroaches (D:1)
  3 goblins (D:1)
  5 hobgoblins
  6 jackals
  A kobold (D:1)
  3 bats
  A rat (D:1)
29 creatures vanquished.

Vanquished Creatures (others)
  A kobold (D:2)
1 creature vanquished.

Grand Total: 30 creatures vanquished

Notes
Turn   | Place    | Note
-------+----------+-------------------------------------------
     0 | D:1      | KoJIDuN the Draconian Fighter began the quest for the Orb.
     0 | D:1      | Reached XP level 1. HP: 19/19 MP: 1/1
   328 | D:1      | Reached XP level 2. HP: 24/26 MP: 2/2
   516 | D:1      | Reached XP level 3. HP: 27/33 MP: 3/3
  1262 | D:2      | Noticed Terence
  1288 | D:2      | Killed Terence
  1288 | D:2      | Reached XP level 4. HP: 21/40 MP: 4/4
  1437 | D:2      | Noticed Sigmund
  1572 | D:2      | Slain by Sigmund

Skill      XL: |  1  2 |
---------------+-------+-----
Dodging        | 3 |  3.2
Fighting       | |  3.9
Long Blades    | |  2.5
Stealth        | |  0.3
Shields        | |  3.6

Action                   |  1- 3 |  4- 6 || total
-------------------------+-------+-------++-------
Melee: Long sword        |    78 |    10 ||    88
       Tailslap          |    13 |     2 ||    15
  Use: Potion            |     1 |     4 ||     5
 Stab: Sleeping          |     1 |     1 ||     2
  Eat: Chunk             |       |     2 ||     2
Armor: Skin              |    23 |     1 ||    24
Dodge: Dodged            |    29 |       ||    29
Block: Shield            |    35 |     1 ||    36
       Rpst.: Long sword |     8 |       ||     8
